| TOP OF THE 1ST |
|
Erie SeaWolves batting - Pitching for Chattanooga Lookouts : RHP Matt Springer
|
|
Pitching: RHP Matt Springer
|
|
|
Batting: LHB Adam Lancaster
|
0-0: Ball 1-0: Ball 2-0: Ground out U3 (Groundball, 34, EV 81.3 MPH)
|
|
Batting: RHB Jordan Mejias
|
0-0: Ground out 6-3 (Groundball, 6, EV 79.4 MPH)
|
|
Batting: LHB Freddy Troncoso
|
0-0: Called Strike 0-1: Swinging Strike 0-2: Strikes out looking
|
| Top of the 1st over - 0 runs, 0 hits, 0 errors, 0 left on base; Erie 0 - Chattanooga 0 |
| BOTTOM OF THE 1ST |
|
Chattanooga Lookouts batting - Pitching for Erie SeaWolves : LHP Jim Daum
|
|
Pitching: LHP Jim Daum
|
|
|
Batting: RHB Francisque Regras
|
0-0: Ball 1-0: Called Strike 1-1: SINGLE (Line Drive, 78S, EV 104.4 MPH)
|
|
Batting: RHB Ruben Martinez
|
0-0: Ball 1-0: Ball 2-0: DOUBLE (Line Drive, 78XD, EV 98.1 MPH) Francisque Regras to third
|
|
Batting: LHB Matt Robertson
|
0-0: Ball 1-0: SINGLE (Line Drive, 3D, EV 99.4 MPH) Francisque Regras scores Ruben Martinez to third
|
|
Batting: RHB Isaiah Easter
|
0-0: Ball 1-0: Fly out, F8 (Flyball, 8LS, EV 84.4 MPH)
|
|
Batting: RHB Justin Allison
|
0-0: Called Strike 0-1: Ball 1-1: Fly out, F8 (Flyball, 8LS, EV 80.0 MPH)
|
|
Batting: SHB Chris Ortiz
|
0-0: SINGLE (Line Drive, 34D, EV 98.8 MPH) Ruben Martinez scores Matt Robertson to second Runner from 2nd tries for 3rd, SAFE, no throw by RF
|
|
Batting: RHB Bobby Paredes
|
0-0: Called Strike 0-1: Ball 1-1: Swinging Strike 1-2: Fielders Choice at 2nd, 6-4 (Groundball, 6, EV 100.0 MPH)
|
| Bottom of the 1st over - 2 runs, 4 hits, 0 errors, 2 left on base; Erie 0 - Chattanooga 2 |
| TOP OF THE 2ND |
|
Erie SeaWolves batting - Pitching for Chattanooga Lookouts : RHP Matt Springer
|
|
Batting: RHB Steve Clark
|
0-0: Called Strike 0-1: Ball 1-1: Ball 2-1: SINGLE (Line Drive, 3D, EV 98.8 MPH)
|
|
Batting: LHB Takuya Uchida
|
0-0: Ball 1-0: Fly out, F8 (Flyball, 8RM, EV 85.0 MPH)
|
|
Batting: RHB Joel Miller
|
0-0: Ball 1-0: Called Strike 1-1: SINGLE (Line Drive, 34D, EV 106.9 MPH) Steve Clark to second
|
|
Batting: LHB Oscar Gonzalez
|
0-0: Ball 1-0: Swinging Strike 1-1: Ball 2-1: Ball 3-1: Fielders Choice at 2nd, 5-4 (Groundball, 56, EV 102.5 MPH) Steve Clark to third
|
|
Batting: RHB Ken DiFerdinando
|
0-0: Ball 1-0: Ball 2-0: Ball Wild Pitch! Steve Clark scores Oscar Gonzalez to second 3-0: Called Strike 3-1: Fly out, F3 (Flyball, 3D, EV 88.8 MPH)
|
| Top of the 2nd over - 1 run, 2 hits, 0 errors, 1 left on base; Erie 1 - Chattanooga 2 |
| BOTTOM OF THE 2ND |
|
Chattanooga Lookouts batting - Pitching for Erie SeaWolves : LHP Jim Daum
|
|
Batting: LHB Marius Tadini
|
0-0: Ball 1-0: Called Strike 1-1: Called Strike 1-2: Ball 2-2: Strikes out looking
|
|
Batting: RHB Ben Droge
|
0-0: Ball 1-0: Ball 2-0: Called Strike 2-1: Called Strike 2-2: Ground out U3 (Groundball, 34, EV 102.5 MPH)
|
|
Batting: RHB Francisque Regras
|
0-0: SINGLE (Groundball, 4M, EV 99.4 MPH)
|
|
Batting: RHB Ruben Martinez
|
0-0: Fly out, F7 (Flyball, 7S, EV 71.9 MPH)
|
| Bottom of the 2nd over - 0 runs, 1 hit, 0 errors, 1 left on base; Erie 1 - Chattanooga 2 |
| TOP OF THE 3RD |
|
Erie SeaWolves batting - Pitching for Chattanooga Lookouts : RHP Matt Springer
|
|
Batting: RHB Yaremka Rzhevsky
|
0-0: Called Strike 0-1: Ground out 5-3 (Groundball, 5, EV 80.6 MPH)
|
|
Batting: LHB Adam Lancaster
|
0-0: Ball 1-0: Ball 2-0: Ball 3-0: Called Strike 3-1: Foul Ball, location: 2F 3-2: Foul Ball, location: 2F 3-2: Base on Balls
|
|
Batting: RHB Jordan Mejias
|
0-0: Ball 1-0: Swinging Strike 1-1: Ball 2-1: Grounds into double play, 5-4-3 (Groundball, 56, EV 105.0 MPH)
|
| Top of the 3rd over - 0 runs, 0 hits, 0 errors, 0 left on base; Erie 1 - Chattanooga 2 |
| BOTTOM OF THE 3RD |
|
Chattanooga Lookouts batting - Pitching for Erie SeaWolves : LHP Jim Daum
|
|
Batting: LHB Matt Robertson
|
0-0: Called Strike 0-1: Foul Ball, location: 2F 0-2: Foul Ball, location: 2F 0-2: Ball 1-2: Foul Ball, location: 2F 1-2: Foul Ball, location: 2F 1-2: Fly out, F4 (Flyball, 34D, EV 86.3 MPH)
|
|
Batting: RHB Isaiah Easter
|
0-0: Ground out 3-1 (Groundball, 13, EV 81.9 MPH)
|
|
Batting: RHB Justin Allison
|
0-0: Foul Ball, location: 2F 0-1: DOUBLE (Line Drive, 78M, EV 98.8 MPH)
|
|
Batting: SHB Chris Ortiz
|
0-0: Ball Wild Pitch! Justin Allison to third 1-0: Swinging Strike 1-1: Ball 2-1: Ball 3-1: Ground out 6-3 (Groundball, 6, EV 104.4 MPH)
|
| Bottom of the 3rd over - 0 runs, 1 hit, 0 errors, 1 left on base; Erie 1 - Chattanooga 2 |
| TOP OF THE 4TH |
|
Erie SeaWolves batting - Pitching for Chattanooga Lookouts : RHP Matt Springer
|
|
Batting: LHB Freddy Troncoso
|
0-0: Ball 1-0: Foul Ball, location: 2F 1-1: Swinging Strike 1-2: Fly out, F5 (Popup, 5F, EV 70.0 MPH)
|
|
Batting: RHB Steve Clark
|
0-0: Swinging Strike 0-1: Fly out, F9 (Flyball, 9LD, EV 91.9 MPH)
|
|
Batting: LHB Takuya Uchida
|
0-0: Called Strike 0-1: Ball 1-1: Ball 2-1: Foul Ball, location: 2F 2-2: Ball 3-2: Ground out 4-3 (Groundball, 4, EV 101.9 MPH)
|
| Top of the 4th over - 0 runs, 0 hits, 0 errors, 0 left on base; Erie 1 - Chattanooga 2 |
| BOTTOM OF THE 4TH |
|
Chattanooga Lookouts batting - Pitching for Erie SeaWolves : LHP Jim Daum
|
|
Batting: RHB Bobby Paredes
|
0-0: Reached on error, E2 (Groundball, 2L, EV 68.8 MPH)
|
|
Batting: LHB Marius Tadini
|
0-0: Called Strike 0-1: Swinging Strike 0-2: Foul Ball, location: 2F 0-2: Ball 1-2: Strikes out swinging
|
|
Batting: RHB Ben Droge
|
0-0: Ball 1-0: Ball 2-0: Fielders Choice at 2nd, 6-4 (Groundball, 6D, EV 96.9 MPH)
|
|
Batting: RHB Francisque Regras
|
0-0: Ball 1-0: Foul Ball, location: 2F 1-1: Ball 2-1: Ground out 1-3 (Groundball, 13, EV 66.3 MPH)
|
| Bottom of the 4th over - 0 runs, 0 hits, 1 error, 1 left on base; Erie 1 - Chattanooga 2 |
| TOP OF THE 5TH |
|
Erie SeaWolves batting - Pitching for Chattanooga Lookouts : RHP Matt Springer
|
|
Batting: RHB Joel Miller
|
0-0: Ball 1-0: Foul Ball, location: 2F 1-1: Fly out, F7 (Flyball, 78M, EV 96.9 MPH)
|
|
Batting: LHB Oscar Gonzalez
|
0-0: Ground out 1-3 (Groundball, 34S, EV 66.9 MPH)
|
|
Batting: RHB Ken DiFerdinando
|
0-0: Called Strike 0-1: Called Strike 0-2: Strikes out swinging
|
| Top of the 5th over - 0 runs, 0 hits, 0 errors, 0 left on base; Erie 1 - Chattanooga 2 |
| BOTTOM OF THE 5TH |
|
Chattanooga Lookouts batting - Pitching for Erie SeaWolves : LHP Jim Daum
|
|
Batting: RHB Ruben Martinez
|
0-0: Called Strike 0-1: Ball 1-1: Ball 2-1: Ground out 5-3 (Groundball, 5, EV 91.3 MPH)
|
|
Batting: LHB Matt Robertson
|
0-0: Reached via error on a dropped throw from SS, E3 (Groundball, 6, EV 77.5 MPH)
|
|
Batting: RHB Isaiah Easter
|
0-0: Ball 1-0: Called Strike 1-1: Foul Ball, location: 2F 1-2: Strikes out swinging
|
|
Batting: RHB Justin Allison
|
0-0: Called Strike 0-1: Ball 1-1: Ball 2-1: Ball 3-1: Called Strike 3-2: Base on Balls Matt Robertson to second
|
|
Batting: SHB Chris Ortiz
|
0-0: Called Strike 0-1: Called Strike 0-2: Ball 1-2: Ball 2-2: Strikes out swinging
|
| Bottom of the 5th over - 0 runs, 0 hits, 1 error, 2 left on base; Erie 1 - Chattanooga 2 |
| TOP OF THE 6TH |
|
Erie SeaWolves batting - Pitching for Chattanooga Lookouts : RHP Matt Springer
|
|
Batting: RHB Yaremka Rzhevsky
|
0-0: Foul Ball, location: 2F 0-1: Ball 1-1: Ball 2-1: Swinging Strike 2-2: Strikes out swinging
|
|
Batting: LHB Adam Lancaster
|
0-0: Ball 1-0: Foul Ball, location: 2F 1-1: Ground out 3-1 (Groundball, 34, EV 93.1 MPH)
|
|
Batting: RHB Jordan Mejias
|
0-0: Swinging Strike 0-1: Foul Ball, location: 2F 0-2: Ball 1-2: Foul Ball, location: 2F 1-2: Ball 2-2: Strikes out swinging
|
| Top of the 6th over - 0 runs, 0 hits, 0 errors, 0 left on base; Erie 1 - Chattanooga 2 |
| BOTTOM OF THE 6TH |
|
Chattanooga Lookouts batting - Pitching for Erie SeaWolves : LHP Jim Daum
|
|
Batting: RHB Bobby Paredes
|
0-0: Called Strike 0-1: Foul Ball, location: 2F 0-2: Ball 1-2: Ball 2-2: Ground out 6-3 (Groundball, 6, EV 83.1 MPH)
|
|
Batting: LHB Marius Tadini
|
0-0: SINGLE (Line Drive, 4M, EV 96.3 MPH)
|
|
Batting: RHB Ben Droge
|
0-0: Called Strike 0-1: SINGLE (Groundball, 6S, EV 65.0 MPH) (infield hit) Marius Tadini to second
|
|
Batting: RHB Francisque Regras
|
0-0: Ball 1-0: Ball 2-0: Ball 3-0: Called Strike 3-1: Base on Balls Marius Tadini to third Ben Droge to second
|
|
Batting: RHB Ruben Martinez
|
0-0: Foul Ball, location: 2F 0-1: Ball 1-1: Ball 2-1: Called Strike 2-2: Strikes out swinging
|
|
Batting: LHB Matt Robertson
|
0-0: Fielders Choice at 2nd, 6-4 (Groundball, 56, EV 81.9 MPH)
|
| Bottom of the 6th over - 0 runs, 2 hits, 0 errors, 3 left on base; Erie 1 - Chattanooga 2 |
| TOP OF THE 7TH |
|
Erie SeaWolves batting - Pitching for Chattanooga Lookouts : RHP Matt Springer
|
|
Batting: LHB Freddy Troncoso
|
0-0: Ball 1-0: Ball 2-0: Ground out U3 (Groundball, 3, EV 85.0 MPH)
|
|
Batting: RHB Steve Clark
|
0-0: Ball 1-0: Called Strike 1-1: Swinging Strike 1-2: Ball 2-2: Ground out 6-3 (Groundball, 6, EV 103.8 MPH)
|
|
Batting: LHB Takuya Uchida
|
0-0: Called Strike 0-1: Ball 1-1: DOUBLE (Flyball, 8LXD, EV 103.1 MPH)
|
|
Batting: RHB Joel Miller
|
0-0: Ball 1-0: Ball 2-0: SINGLE (Groundball, 6MD, EV 95.6 MPH) Takuya Uchida to third Runner from 3rd tries for Home, SAFE, throw by CF to home
|
|
Batting: LHB Oscar Gonzalez
|
0-0: Ball 1-0: Called Strike 1-1: Called Strike 1-2: Ground out 4-3 (Groundball, 34, EV 111.9 MPH)
|
| Top of the 7th over - 1 run, 2 hits, 0 errors, 1 left on base; Erie 2 - Chattanooga 2 |
| BOTTOM OF THE 7TH |
|
Chattanooga Lookouts batting - Pitching for Erie SeaWolves : LHP Jim Daum
|
|
Batting: RHB Isaiah Easter
|
0-0: Ball 1-0: Foul Ball, location: 2F 1-1: Foul Ball, location: 2F 1-2: Ball 2-2: Ground out 6-3 (Groundball, 6S, EV 78.8 MPH)
|
|
Pitching: RHP Mike Kirk
|
|
|
Batting: RHB Justin Allison
|
0-0: Foul Ball, location: 2F 0-1: Called Strike 0-2: Ball 1-2: Ball 2-2: Strikes out swinging
|
|
Batting: SHB Chris Ortiz
|
0-0: Ball 1-0: Ball 2-0: Ground out 6-3 (Groundball, 6, EV 96.3 MPH)
|
| Bottom of the 7th over - 0 runs, 0 hits, 0 errors, 0 left on base; Erie 2 - Chattanooga 2 |
| TOP OF THE 8TH |
|
Erie SeaWolves batting - Pitching for Chattanooga Lookouts : RHP Matt Springer
|
|
Batting: RHB Ken DiFerdinando
|
0-0: Ball 1-0: Called Strike 1-1: Ground out 5-3 (Groundball, 56S, EV 85.6 MPH)
|
|
Batting: RHB Yaremka Rzhevsky
|
0-0: Ground out 4-3 (Groundball, 4, EV 88.1 MPH)
|
|
Batting: LHB Adam Lancaster
|
0-0: Called Strike 0-1: Ball 1-1: SINGLE (Groundball, 4D, EV 98.1 MPH)
|
|
Pitching: RHP Justin Gorden
|
|
|
Batting: RHB Jordan Mejias
|
0-0: Ball 1-0: Ball 2-0: Called Strike 2-1: Foul Ball, location: 2F 2-2: Foul Ball, location: 2F 2-2: Fielders Choice at 2nd, 6-4 (Groundball, 6, EV 83.1 MPH)
|
| Top of the 8th over - 0 runs, 1 hit, 0 errors, 1 left on base; Erie 2 - Chattanooga 2 |
| BOTTOM OF THE 8TH |
|
Chattanooga Lookouts batting - Pitching for Erie SeaWolves : RHP Mike Kirk
|
|
Pinch Hitting: LHB Armando Rendon
|
0-0: Called Strike 0-1: Swinging Strike 0-2: Strikes out swinging
|
|
Batting: LHB Marius Tadini
|
0-0: Swinging Strike 0-1: Ball 1-1: Foul Ball, location: 2F 1-2: Fly out, F6 (Flyball, 56D, EV 84.4 MPH)
|
|
Pinch Hitting: LHB Kozo Kanamori
|
0-0: Ball 1-0: Called Strike 1-1: Foul Ball, location: 2F 1-2: Ball 2-2: Foul Ball, location: 2F 2-2: SINGLE (Groundball, 4MD, EV 98.8 MPH)
|
|
Batting: RHB Francisque Regras
|
0-0: Ball Kozo Kanamori is caught stealing 2nd base 2-4
|
| Bottom of the 8th over - 0 runs, 1 hit, 0 errors, 0 left on base; Erie 2 - Chattanooga 2 |
| TOP OF THE 9TH |
|
Erie SeaWolves batting - Pitching for Chattanooga Lookouts : RHP Justin Gorden
|
|
Pitching: LHP Inkei Wakamatsu
|
|
|
Now at 2B: Miguel Verduzco
|
|
|
Now at 3B: Armando Rendon
|
|
|
Batting: LHB Freddy Troncoso
|
0-0: Ground out U3 (Groundball, 3, EV 88.8 MPH)
|
|
Batting: RHB Steve Clark
|
0-0: Ball 1-0: Called Strike 1-1: Ball 2-1: Swinging Strike 2-2: Foul Ball, location: 2F 2-2: Ball 3-2: Foul Ball, location: 2F 3-2: Reached on error, E5 (Groundball, 56, EV 85.6 MPH)
|
|
Pinch Hitting: RHB Miguel Nunez
|
0-0: Ball 1-0: Grounds into double play, 6-4-3 (Groundball, 6, EV 99.4 MPH)
|
| Top of the 9th over - 0 runs, 0 hits, 1 error, 0 left on base; Erie 2 - Chattanooga 2 |
| BOTTOM OF THE 9TH |
|
Chattanooga Lookouts batting - Pitching for Erie SeaWolves : RHP Mike Kirk
|
|
Pitching: RHP Stacey Kerssies
|
|
|
Now at 1B: Miguel Nunez
|
|
|
Batting: RHB Francisque Regras
|
0-0: Called Strike 0-1: Foul Ball, location: 2F 0-2: Foul Ball, location: 2F 0-2: Ball 1-2: Strikes out swinging
|
|
Batting: RHB Ruben Martinez
|
0-0: Swinging Strike 0-1: Ball 1-1: Called Strike 1-2: Foul Ball, location: 2F 1-2: Strikes out looking
|
|
Batting: LHB Matt Robertson
|
0-0: Ball 1-0: Ball 2-0: Ball 3-0: Base on Balls
|
|
Batting: RHB Isaiah Easter
|
0-0: Ball Wild Pitch! Matt Robertson to second 1-0: Swinging Strike 1-1: Foul Ball, location: 2F 1-2: Reached on error, E6 (Groundball, 6S, EV 64.4 MPH) Matt Robertson to third
|
|
Batting: RHB Justin Allison
|
0-0: Ball 1-0: Ball Isaiah Easter steals 2nd base (no throw) 2-0: Reached on error, E3 (Groundball, 34, EV 91.3 MPH) Matt Robertson scores
|
| Bottom of the 9th over - 1 run, 0 hits, 2 errors, 0 left on base; Erie 2 - Chattanooga 3 |
| |
|
Game Over ... Chattanooga defeats Erie, 3 to 2
|
|
|